 Dungeon Crawl Stone Soup version 0.26.0-10-g1f06aea511 (webtiles) character file.

Game seed: 77008393170504091

723 inc the Jinx (level 7, -2/28 HPs)
             Began as a Felid Enchanter on Feb 2, 2021.
             Was an Initiate of Hepliaklqana.
             Killed from afar by an orc wizard (8 damage)
             ... with a magic dart
             ... on level 4 of the Dungeon.
             The game lasted 00:17:21 (9082 turns).

inc the Jinx (Felid Enchanter)                      Turns: 9082, Time: 00:17:21

Health: -2/28      AC:  2    Str:  4    XL:     7   Next: 43%
Magic:  9/11       EV: 19    Int: 18    God:    Hepliaklqana [......]
Gold:   241        SH:  0    Dex: 17    Spells: 1/10 levels left
                                        Lives:  0   Deaths: 2

rFire    . . .     SeeInvis +     - Unarmed
rCold    . . .     Faith    .   (shield unavailable)
rNeg     . . .     Spirit   .   (armour unavailable)
rPois    .         Reflect  .   (helmet unavailable)
rElec    .         Harm     .   (cloak unavailable)
rCorr    .         Rampage  .   (gloves unavailable)
Will     +....                  (boots unavailable)
Stlth    ++++......             k - amulet of the acrobat
HPRegen  0.09/turn              (no ring)
MPRegen  0.12/turn              (no ring)

@: confusing touch, quick
A: very small, no armour, no weapons or thrown items, stealth, reduced essence,
claws 1, fangs 3, see invisible, speed 1, shaggy fur 2, sharp paws
a: Renounce Religion, Recall Ancestor, Ancestor Identity


You were on level 4 of the Dungeon.
You worshipped Hepliaklqana.
Hepliaklqana was noncommittal.
You visited 2 branches of the dungeon, and saw 6 of its levels.

You collected 241 gold pieces.

Inventory:

Jewellery
 k - an amulet of the acrobat (around neck)
 l - an uncursed amulet of reflection
Wands
 q - a wand of polymorph (8)
Scrolls
 a - 3 scrolls of immolation {unknown}
 b - 3 scrolls of remove curse
 c - 2 scrolls of identify
 h - a scroll of random uselessness {unknown}
 j - a scroll of magic mapping {unknown}
 m - a scroll of blinking {unknown}
 n - 3 scrolls of teleportation {unknown}
 p - a scroll of enchant weapon {unknown}
 r - a scroll of fog {unknown}
Potions
 d - a potion of cancellation {unknown}
 e - 3 potions of invisibility
 f - 2 potions of might
 g - a potion of heal wounds
 i - 2 potions of curing
 o - 2 potions of brilliance {unknown}


   Skills:
 - Level 4.1 Fighting
 + Level 3.9 Dodging
 - Level 5.5 Stealth
 - Level 3.8 Unarmed Combat
 - Level 2.0 Spellcasting
 - Level 10.0 Hexes
 - Level 0.5 Ice Magic


You had one spell level left.
You knew the following spells:

 Your Spells              Type           Power        Failure   Level
a - Tukima's Dance        Hex            38%          1%          3
b - Ensorcelled Hibernat  Hex/Ice        42%          3%          2
c - Confusing Touch       Hex            38%          1%          3
o - Corona                Hex            42%          1%          1

Your spell library contained the following spells:

 Spells                   Type           Power        Failure   Level
 Animate Skeleton         Necr           2%           19%         1
 Pain                     Necr           4%           19%         1
 Dazzling Flash           Conj/Hex       38%          7%          3
 Vampiric Draining        Necr           0%           47%         3
 Animate Dead             Necr           0%           87%         4
 Agony                    Necr           1%           99%         5


Dungeon Overview and Level Annotations

Branches:
Dungeon (5/15)             Temple (1/1) D:4

Altars:
Ashenzari
Cheibriados
Dithmenos
Elyvilon
Fedhas
Gozag
Hepliaklqana
Kikubaaqudgha
Makhleb
Okawaru
Qazlal
Ru
Sif Muna
Trog
Vehumet
Xom
Yredelemnul
The Shining One

Annotations:
D:3 3 runed translucent doors, Rwicked's ghost, weakling MiFi; kthxbai's ghost, amateur NaTm; kuzco6543's ghost, amateur OpTm
D:4 Dowan; Duvessa


Innate Abilities, Weirdness & Mutations

You cannot wear armour.
You are incapable of wielding weapons or throwing items.
Your paws allow you to move quietly. (Stealth)
You have sharp claws.
You have razor-sharp teeth.
You have supernaturally acute eyesight. (SInv)
You cover ground quickly.
You are covered in thick fur. (AC +2)
Your sharp claws are effective at attacking unaware monsters.
Your life essence is reduced to manifest your ancestor. (-10% HP)


Message History

Duvessa hits you.
You scratch Duvessa but do no damage.
Belanum hits Duvessa but does no damage.
Duvessa hits you.
You scratch Duvessa but do no damage.
Belanum hits Duvessa.
Duvessa hits you!
* * * LOW HITPOINT WARNING * * *
You scratch Duvessa but do no damage.
Duvessa is lightly wounded.
Belanum hits Duvessa but does no damage.
Duvessa barely misses you. Duvessa hits you.
* * * LOW HITPOINT WARNING * * *
Belanum barely misses Duvessa.
There is a stone staircase leading up, spattered with blood here.
Belanum hits Duvessa but does no damage.
Duvessa hits you.
* * * LOW HITPOINT WARNING * * *
The orc wizard casts a spell at you. The magic dart hits you!
You die...

........#..[#)##........#(# #.
...###................#(..# #.
##...R.########.###.#####.# #.
#..###.(....)#..# #.....).# #.
._.# #######...####.####).# #.
#### #####.# #..# #...### #. ###
#.###.###.####.....####. ..##
##.......................
...######...#.#R@..####..........
................e..# #..........
...#.#.#...........####..........
.............o...................
...#.#.#..##.##..................
.................................
...#.#.#....<).......##.........o
.....................##..........
.......#.###......zR<............


You could see the friendly Belanum the ancestor, Duvessa and an orc wizard.

Vanquished Creatures
  Sigmund (D:5)
  A phantom (D:4)
  A centaur (D:5)
  A wight (D:3)
  A howler monkey (D:3)
  3 hounds
  An orc priest (D:4)
  A bullfrog skeleton (D:4)
  An orc wizard (D:4)
  2 iguanas (D:4)
  A worker ant (D:4)
  A gnoll (D:4)
  7 adders
  2 oozes (D:3)
  A worm (D:2)
  2 dart slugs (D:1)
  2 leopard geckos (D:3)
  2 orcs
  4 ball pythons
  7 bats
  7 giant cockroaches
  9 goblins
  4 hobgoblins
  5 jackals
  2 quokkas (D:4)
  5 frilled lizards
  9 kobolds
  A quokka skeleton (D:5)
  11 rats
95 creatures vanquished.

Vanquished Creatures (collateral kills)
  An ogre (D:4)
  A bullfrog (D:4)
  2 wights (D:4)
  An adder (D:3)
  An orc (D:4)
6 creatures vanquished.

Vanquished Creatures (others)
  A phantom (D:2)
  3 ancestors
  A hobgoblin (D:2)
  A quokka (D:4)
  A kobold (D:2)
  4 withered plants (D:3)
11 creatures vanquished.

Grand Total: 112 creatures vanquished

Notes
Turn   | Place    | Note
-------+----------+-------------------------------------------
     0 | D:1      | inc the Felid Enchanter began the quest for the Orb.
     0 | D:1      | Reached XP level 1. HP: 7/7 MP: 4/4
   571 | D:1      | Reached XP level 2. HP: 11/11 MP: 3/6
   574 | D:1      | Learned a level 2 spell: Ensorcelled Hibernation
  1357 | D:1      | Reached XP level 3. HP: 12/14 MP: 0/7
  2176 | D:2      | Learned a level 3 spell: Confusing Touch
  2555 | D:2      | Found a white marble altar of Elyvilon.
  2571 | D:2      | Found a radiant altar of Vehumet.
  2575 | D:2      | Reached XP level 4. HP: 18/18 MP: 8/8
  2655 | D:2      | Noticed a phantom
  4131 | D:3      | Found a runed translucent gate.
  4131 | D:3      | Found a runed translucent gate.
  4131 | D:3      | Found a runed translucent gate.
  4132 | D:3      | Noticed kthxbai's ghost (amateur NaTm)
  4133 | D:3      | Noticed kuzco6543's ghost (amateur OpTm)
  4133 | D:3      | Noticed Rwicked's ghost (weakling MiFi)
  4176 | D:3      | Reached skill level 5 in Hexes
  4231 | D:3      | Found a glowing golden altar of the Shining One.
  4354 | D:4      | Noticed an ogre
  4597 | D:4      | Reached skill level 6 in Hexes
  4597 | D:4      | Reached XP level 5. HP: 16/21 MP: 2/9
  4622 | D:4      | Mangled by an ogre
  4623 | D:4      | Reached XP level 4. HP: -6/18 MP: 1/8
  4891 | D:4      | Found a staircase to the Ecumenical Temple.
  4908 | Temple   | Entered the Ecumenical Temple
  4990 | Temple   | Became a worshipper of Hepliaklqana the Forgotten
  5064 | D:3      | Reached skill level 5 in Stealth
  5064 | D:3      | Reached XP level 5. HP: 17/18 MP: 4/9
  5688 | D:3      | Found a burning altar of Makhleb.
  6127 | D:2      | Killed a phantom
  6129 | D:2      | Found a shimmering altar of Xom.
  6621 | D:3      | Reached skill level 1 in Fighting
  6843 | D:4      | Gained mutation: You are covered in thick fur. (AC +2)
                  | [Felid growth]
  6843 | D:4      | Reached XP level 6. HP: 24/24 MP: 5/10
  7252 | D:3      | Reached skill level 7 in Hexes
  7252 | D:3      | Reached XP level 7. HP: 17/28 MP: 7/11
  7675 | D:5      | Entered Level 5 of the Dungeon
  7803 | D:5      | Noticed Sigmund
  7917 | D:5      | Found a blossoming altar of Fedhas.
  7922 | D:5      | HP: 1/24 [poisoned by Sigmund]
  7926 | D:5      | Shot with an arrow by a centaur
  7927 | D:5      | Reached XP level 6. HP: -2/21 MP: 6/10
  7970 | D:5      | Killed Sigmund
  7971 | D:5      | Reached skill level 8 in Hexes
  8022 | D:5      | Reached skill level 9 in Hexes
  8123 | D:4      | Reached XP level 7. HP: 20/28 MP: 8/11
  8248 | D:4      | Reached skill level 10 in Hexes
  8265 | D:4      | Found a stormy altar of Qazlal.
  8364 | Temple   | Learned a level 3 spell: Tukima's Dance
  8557 | D:5      | Noticed Duvessa
  8557 | D:5      | Noticed Dowan
  9082 | D:4      | Killed from afar by an orc wizard

Illustrated notes

Levels and vault maps discovered:
D:1:      saegor_arrival_simple_c, layout_basic, minmay_misc_feat_hallway,
          minmay_misc_feat_chi
D:2:      layout_basic, tgw_xom, fiery_altar_vehumet, old_standard_altar,
          minmay_tetromino_l4
D:3:      minmay_general_purpose_star, layout_basic, marbit_many_paths,
          old_standard_altar, gammafunk_ghost_cemetery
D:4:      layout_rooms, overflow_temple_1_default,
          minmay_temple_entry_crystal_x, serial_glass, glass_columns_b,
          glass_columns_a, glass_columns_b, glass_columns_a, glass_columns_c,
          glass_columns_b, glass_columns_a, glass_columns_b,
          cheibrodos_gnoll_hut
D:5:      layout_loops_ring, gammafunk_ghost_cemetery,
          fedhas_bush_and_centaur_altar, uniq_sigmund, uniq_duvessa
Temple:   minmay_temple_bridge_abc

Skill      XL: |  1  2  3  4  5  6  7 |
---------------+----------------------+-----
Dodging        | 3 |  3.9
Unarmed Combat | 2 3 |  3.8
Hexes          | 6 9 10 | 10.0
Stealth        | 5 |  5.5
Fighting       | 2 4 |  4.1
Spellcasting   | |  2.0
Ice Magic      | |  0.5

Action                   |  1- 3 |  4- 6 |  7- 9 || total
-------------------------+-------+-------+-------++-------
Melee: Unarmed           |    81 |   142 |    19 ||   242
       Bite              |     2 |     6 |       ||     8
       Punch             |       |     3 |       ||     3
 Cast: Corona            |    10 |     1 |       ||    11
       Ensorcelled Hiber |    37 |    62 |    14 ||   113
       Confusing Touch   |       |     4 |     3 ||     7
       Tukima's Dance    |       |       |     4 ||     4
Invok: Recall Ancestor   |       |     3 |     3 ||     6
  Use: Scroll            |       |     4 |       ||     4
       Potion            |       |       |     1 ||     1
 Stab: Sleeping          |    21 |    44 |     4 ||    69
       Confused          |       |     4 |     1 ||     5
Armor: Skin              |     2 |     5 |       ||     7
Dodge: Dodged            |    77 |   140 |    43 ||   260
